 Dungeon Crawl Stone Soup version 0.27-a0-1119-gbf574a6a6b (webtiles) character file.

Game seed: 1108816999337576709

316 Zeld the Chucker (level 6, -3/63 HPs)
             Began as an Octopode Fighter on May 2, 2021.
             Was an Initiate of Okawaru.
             Slain by Eustachio
             ... wielding a +0 rapier
              (7 damage)
             ... on level 4 of the Dungeon.
             The game lasted 00:05:11 (4433 turns).

Zeld the Chucker (Octopode Fighter)                 Turns: 4433, Time: 00:05:11

Health: -3/63      AC:  1    Str: 17    XL:     6   Next: 44%
Magic:  6/6        EV: 11    Int: 11    God:    Okawaru [......]
Gold:   170        SH:  9    Dex: 11    Spells: 5/5 levels left

rFire    . . .     SeeInvis .   a - +0 war axe
rCold    . . .     Faith    .   b - +0 kite shield
rNeg     . . .     Spirit   .   (helmet restricted)
rPois    .         Reflect  .   (no amulet)
rElec    .         Harm     .   (no ring)
rCorr    .         Rampage  .   (no ring)
Will     .....                  (no ring)
Stlth    ..........             (no ring)
HPRegen  0.20/turn              (no ring)
MPRegen  0.10/turn              (no ring)
                                (no ring)
                                (no ring)

@: berserking, very quick
A: almost no armour, amphibious, 8 rings, camouflage 1, gelatinous body 1,
(nimble swimmer 1), tentacles
a: Renounce Religion


You were on level 4 of the Dungeon.
You worshipped Okawaru.
Okawaru was noncommittal.
You visited 2 branches of the dungeon, and saw 5 of its levels.
You also visited: Sewer.

You collected 170 gold pieces.

Inventory:

Hand Weapons
 a - a +0 war axe (weapon)
Missiles
 k - 9 poisoned darts (quivered)
 p - 2 silver javelins
Armour
 b - a +0 kite shield (worn)
Wands
 t - a wand of flame (37)
Scrolls
 c - 2 scrolls of teleportation {unknown}
 e - a scroll of silence {unknown}
 f - 2 scrolls of identify {unknown}
 g - 2 scrolls of fog {unknown}
 j - a scroll of torment {unknown}
 m - a scroll of immolation {unknown}
 o - a scroll of enchant armour {unknown}
 q - 2 scrolls of magic mapping {unknown}
 r - 2 scrolls of blinking {unknown}
Potions
 d - a potion of brilliance {unknown}
 h - 2 potions of berserk rage
 i - 3 potions of heal wounds {unknown}
 l - a potion of lignification {unknown}
 n - 4 potions of curing {unknown}
 s - a potion of haste {unknown}
 u - 4 potions of flight {unknown}


   Skills:
 - Level 3.6 Fighting
 - Level 2.8 Axes
 * Level 5.0 Throwing
 - Level 3.0 Dodging
 - Level 3.6 Shields


You had 5 spell levels left.
You didn't know any spells.
Your spell library was empty.

Dungeon Overview and Level Annotations

Branches:
Dungeon (4/15)             Temple (1/1) D:4           Sewer (visited)

Altars:
Ashenzari
Cheibriados
Dithmenos
Elyvilon
Gozag
Nemelex Xobeh
Okawaru
Qazlal
Sif Muna
Vehumet
Wu Jian
Xom
Yredelemnul
Zin

Annotations:
D:4 Eustachio


Innate Abilities, Weirdness & Mutations

You cannot wear most types of armour.
You are amphibious.
You can wear up to eight rings at the same time.
Your skin changes colour to match your surroundings (Stealth+).
Your rubbery body absorbs attacks. (AC +1, EV +1)
((You are camouflaged near water. (Stealth+)))
You have tentacles for arms and can constrict up to eight enemies at once.


Message History

There is a collapsed entrance here.
Found a stone staircase leading up.
Eustachio the Magnificent comes into view.
He is wielding a +0 rapier.
Eustachio shouts!
Okay, then.
Eustachio hits you with a +0 rapier.
You hit Eustachio. You grab Eustachio.
Eustachio is lightly wounded.
You constrict Eustachio.
Eustachio casts a spell.
Eustachio blinks free!
You hit Eustachio. Your grab misses Eustachio. Your squeeze misses Eustachio.
Eustachio is moderately wounded.
Eustachio hits you with a +0 rapier!
You slash Eustachio! Your grab misses Eustachio. Your squeeze misses Eustachio.
Eustachio is heavily wounded.
You block Eustachio's attack. x2
You barely miss Eustachio. Your grab misses Eustachio.
Your squeeze misses Eustachio.
Eustachio is heavily wounded.
Eustachio hits you with a +0 rapier!
You are too injured to fight recklessly!
You closely miss Eustachio. Your grab misses Eustachio.
Your squeeze misses Eustachio.
Eustachio is heavily wounded.
Eustachio closely misses you. Eustachio hits you with a +0 rapier.
You barely miss Eustachio. Your grab misses Eustachio.
Eustachio is heavily wounded.
Eustachio hits you with a +0 rapier!
* * * LOW HITPOINT WARNING * * *
You block Eustachio's attack.
Unknown command.
Press: ? - help, v - describe, . - travel
Here: Eustachio, wielding a +0 rapier and wearing a +0 leather armour (heavily wounded)
The floor, spattered with blood.
It was a potion of berserk rage.
A red film seems to cover your vision as you go berserk!
You feel yourself moving faster!
You feel mighty! Eustachio hits you with a +0 rapier!
You die...

#.# ... ... ..
#.# ..##+##.#
........#
.......@#
.......@#
........#
........# #
#+##+##.##.#.#
...............#
..
#.#.##.##.##.###
... #.
#.#.##.##.# #
....#.
#.#.##.##.##.####
....#.
#.#.##...........


You could see Eustachio.

Vanquished Creatures
  Purgy (Sewer)
  An orc priest (D:4)
  An iguana (D:4)
  2 orc wizards (D:4)
  2 adders
  An adder zombie (D:2)
  2 dart slugs
  3 orcs (D:4)
  4 bats
  2 bat zombies (D:2)
  3 endoplasms
  8 giant cockroaches
  4 hobgoblins
  12 quokkas
  11 ball pythons
  5 frilled lizards
  A giant cockroach zombie (D:2)
  10 goblins
  A jackal skeleton (D:2)
  2 jackal zombies (D:2)
  6 kobolds
  A quokka skeleton (D:2)
  A quokka zombie (D:2)
  3 rats (D:1)
87 creatures vanquished.

Vanquished Creatures (others)
  A withered plant (D:2)
1 creature vanquished.

Grand Total: 88 creatures vanquished

Notes
Turn   | Place    | Note
-------+----------+-------------------------------------------
     0 | D:1      | Zeld the Octopode Fighter began the quest for the Orb.
     0 | D:1      | Reached XP level 1. HP: 16/16 MP: 1/1
    31 | D:1      | Reached XP level 2. HP: 21/21 MP: 2/2
   772 | D:1      | Reached XP level 3. HP: 23/26 MP: 3/3
  1473 | D:2      | Found a faded altar of an unknown god.
  1781 | D:2      | Reached XP level 4. HP: 18/32 MP: 4/4
  2148 | D:3      | Reached skill level 1 in Throwing
  3198 | D:4      | Reached skill level 2 in Throwing
  3205 | D:4      | Reached XP level 5. HP: 31/36 MP: 5/5
  3207 | D:4      | Reached skill level 3 in Throwing
  3346 | D:4      | Found a staircase to the Ecumenical Temple.
  3358 | Temple   | Entered the Ecumenical Temple
  3433 | Temple   | Became a worshipper of Warmaster Okawaru
  3546 | D:4      | Noticed an ice beast
  3617 | D:4      | Found a glowing drain.
  3628 | D:4      | Reached skill level 4 in Throwing
  3656 | Sewer    | Entered a sewer
  3727 | Sewer    | Noticed Purgy
  3762 | Sewer    | Killed Purgy
  3763 | Sewer    | Reached skill level 5 in Throwing
  3763 | Sewer    | Reached XP level 6. HP: 7/42 MP: 6/6
  4419 | D:4      | Noticed Eustachio
  4433 | D:4      | Slain by Eustachio

Illustrated notes

Levels and vault maps discovered:
D:1:      tarquinn_simple_flora_water_e, layout_basic
D:2:      layout_rooms, serial_undead, serial_undead_a, serial_undead_a,
          serial_undead_d, serial_undead_b, basic_ecumenical_altar,
          minmay_misc_feat_doors
D:3:      layout_basic, minivault_5
D:4:      layout_basic, minmay_temple_entry_proselytizer, serial_shops,
          kennysheep_little_box, gup_sewer_entry_pipe, moated_statue,
          grunt_decor_fettered, kennysheep_pointless_box,
          kennysheep_generic_room_7, uniq_eustachio, uniq_ijyb
Temple:   nicolae_temple_great_sept

Skill      XL: |  1  2  3  4  5 |
---------------+----------------+-----
Throwing       | 2 5 |  5.0
Fighting       | |  3.6
Axes           | |  2.8
Dodging        | |  3.0
Shields        | |  3.6

Action                   |  1- 3 |  4- 6 || total
-------------------------+-------+-------++-------
Melee: War axe           |    77 |    80 ||   157
       Constrict         |    22 |    18 ||    40
       Tentacles         |     7 |     8 ||    15
  Use: Potion            |       |     2 ||     2
 Stab: Sleeping          |     4 |     8 ||    12
       Distracted        |       |     1 ||     1
Armor: Skin              |    10 |     6 ||    16
Dodge: Dodged            |    46 |    46 ||    92
Block: Kite shield       |    44 |    34 ||    78

Table legend: (Time is in decaauts)
 A = Elapsed time spent in this place.
 B = Non-inter-level travel time spent in this place.
 C = Inter-level travel time spent in this place.
 D = Time resting spent in this place.
 E = Time spent auto-exploring this place.
 F = Levels seen in this place.
 G = Mean time per level.
                   A        B        C        D        E       F      G
               +--------+--------+--------+--------+--------+-----+--------+
         Total |   4527 |   4434 |     93 |    486 |   3130 |   6 |  754.5 |
       Dungeon |   3656 |   3577 |     79 |     58 |   2814 |   4 |  914.0 |
        Temple |    125 |    111 |     14 |      0 |     99 |   1 |  125.0 |
         Sewer |    745 |    745 |      0 |    428 |    217 |   1 |  745.0 |
               +--------+--------+--------+--------+--------+-----+--------+

Top non-repeatable levels by time:
     D:1: 1162 daAuts
     D:3: 1160 daAuts
     D:2: 928 daAuts
   Sewer: 745 daAuts
     D:4: 406 daAuts
  Temple: 125 daAuts
